2235 views
Uploaded 2024-05-23 16:37:55
Game version 1.36 (6115)
14:54 long 1on1 custom game on (2)EchoIsles
Game name "123stg"
Saved by VladStg
2235 views
Uploaded 2024-05-23 16:37:55
Game version 1.36 (6115)
14:54 long 1on1 custom game on (2)EchoIsles
Game name "123stg"

24 units @ 2.9k
/ 0.1k
16 buildings @ 1.8k
/ 0.9k



| Scroll of Regeneration | 1 | 100 |
| Potion of Healing | 2 | 300 |
| Potion of Mana | 1 | 200 |
| total: | 4 | 600g |
| Peasant | 11 | 825 | / | 0 |
| Footman | 8 | 1080 | / | 0 |
| Dragonhawk Rider | 5 | 1000 | / | 150 |
| total: | 24 | 2905g | / | 150w |
| Scout Tower | 1 | 30 | / | 20 |
| Arcane Tower | 1 | 70 | / | 50 |
| Altar of Kings | 1 | 180 | / | 50 |
| Farm | 6 | 480 | / | 120 |
| Barracks | 1 | 160 | / | 60 |
| Lumber Mill | 1 | 120 | / | 0 |
| Arcane Vault | 1 | 130 | / | 30 |
| Blacksmith | 1 | 140 | / | 60 |
| Gryphon Aviary | 3 | 420 | / | 450 |
| Arcane Sanctum | 1 | 150 | / | 140 |
| Keep | 1 | 320 | / | 210 |
| Castle | 1 | 360 | / | 210 |
| total: | 16 | 1810g | / | 930w |
| 0:03 | Peasant |
| 0:11 | Altar of Kings |
| 0:13 | Peasant |
| 0:20 | Farm |
| 0:25 | Peasant |
| 0:25 | Peasant |
| 0:39 | Barracks |
| 0:43 | Peasant |
| 0:52 | Farm |
| 0:55 | Peasant |
| 1:04 | Peasant |
| 1:36 | Farm |
| 1:40 | Footman |
| 1:43 | Peasant |
| 1:56 | Peasant |
| 1:59 | Footman |
| 2:13 | Summon Water Elemental |
| 2:22 | Footman |
| 2:22 | Peasant |
| 3:03 | Footman |
| 3:05 | Peasant |
| 3:13 | Scout Tower |
| 3:32 | Footman |
| 3:38 | Lumber Mill |
| 3:42 | Arcane Vault |
| 3:45 | Arcane Tower |
| 4:23 | Keep |
| 4:37 | Brilliance Aura |
| 4:40 | Defend |
| 4:49 | Improved Lumber Harvesting |
| 4:52 | Footman |
| 5:16 | Improved Masonry |
| 6:36 | Footman |
| 7:13 | Gryphon Aviary |
| 7:17 | Arcane Sanctum |
| 7:26 | Summon Water Elemental |
| 8:00 | Footman |
| 8:28 | Blacksmith |
| 8:39 | Storm Bolt |
| 8:49 | Farm |
| 8:51 | Farm |
| 9:04 | Scroll of Regeneration |
| 9:34 | Castle |
| 9:48 | Iron Forged Swords |
| 10:41 | Potion of Healing |
| 10:54 | Potion of Healing |
| 10:58 | Potion of Mana |
| 11:25 | Gryphon Aviary |
| 11:30 | Iron Plating |
| 11:56 | Farm |
| 12:05 | Storm Hammers |
| 12:09 | Animal War Training |
| 12:12 | Steel Forged Swords |
| 12:30 | Cloud |
| 12:36 | Gryphon Aviary |
| 12:59 | Priest Adept Training |
| 13:12 | Dragonhawk Rider |
| 13:12 | Dragonhawk Rider |
| 13:43 | Holy Light |
| 13:53 | Dragonhawk Rider |
| 14:20 | Dragonhawk Rider |
| 14:20 | Dragonhawk Rider |
| Right click | 1063 |
| Select group | 422 |
| Select | 312 |
| Build/train/purchase | 83 |
| Use ability | 62 |
| Assign group | 52 |
| Chat | 10 |
| Misc. action | 2 |
| Remove unit | 1 |
30 units @ 4.4k
/ 0.4k
19 buildings @ 3k
/ 1.3k


| Healing Salve | 4 | 400 |
| Lesser Clarity Potion | 1 | 70 |
| Scroll of Speed | 1 | 50 |
| Potion of Healing | 1 | 150 |
| total: | 7 | 670g |
| Peon | 16 | 1200 | / | 0 |
| Grunt | 5 | 1000 | / | 0 |
| Troll Batrider | 2 | 320 | / | 80 |
| Wind Rider | 7 | 1855 | / | 280 |
| total: | 30 | 4375g | / | 360w |
| Watch Tower | 6 | 660 | / | 480 |
| Altar of Storms | 1 | 180 | / | 50 |
| Orc Burrow | 5 | 800 | / | 200 |
| Barracks | 1 | 180 | / | 50 |
| Voodoo Lounge | 2 | 260 | / | 60 |
| War Mill | 1 | 205 | / | 0 |
| Great Hall | 1 | 385 | / | 185 |
| Beastiary | 2 | 290 | / | 280 |
| Stronghold | 1 | 315 | / | 190 |
| total: | 19 | 2960g | / | 1305w |
| 0:00 | Peon |
| 0:03 | Altar of Storms |
| 0:07 | Peon |
| 0:17 | Orc Burrow |
| 0:29 | Peon |
| 0:35 | Barracks |
| 0:45 | Peon |
| 1:01 | Peon |
| 1:18 | Peon |
| 1:28 | Orc Burrow |
| 1:34 | Peon |
| 1:40 | Grunt |
| 1:44 | Peon |
| 2:05 | Feral Spirit |
| 2:06 | Grunt |
| 2:50 | Voodoo Lounge |
| 3:41 | Grunt |
| 3:42 | Stronghold |
| 3:44 | Orc Burrow |
| 4:17 | Grunt |
| 4:31 | Healing Salve |
| 4:31 | Healing Salve |
| 4:32 | Lesser Clarity Potion |
| 4:44 | War Mill |
| 5:11 | Great Hall |
| 5:17 | Chain Lighting |
| 5:32 | Grunt |
| 5:58 | Watch Tower |
| 6:49 | Watch Tower |
| 6:51 | Watch Tower |
| 7:02 | Beastiary |
| 7:07 | Peon |
| 8:52 | Voodoo Lounge |
| 8:55 | Peon |
| 8:57 | Peon |
| 8:57 | Peon |
| 9:15 | Beastiary |
| 9:18 | Orc Burrow |
| 9:39 | Watch Tower |
| 9:42 | Watch Tower |
| 9:44 | Peon |
| 9:44 | Peon |
| 9:48 | Troll Batrider |
| 10:00 | Feral Spirit |
| 10:21 | Troll Batrider |
| 11:09 | Wind Rider |
| 11:09 | Wind Rider |
| 11:14 | Healing Salve |
| 11:23 | Wind Rider |
| 11:26 | Peon |
| 11:26 | Peon |
| 11:56 | Orc Burrow |
| 12:32 | Scroll of Speed |
| 12:34 | Potion of Healing |
| 12:36 | Healing Salve |
| 12:41 | Healing Wave |
| 12:50 | Watch Tower |
| 13:33 | Wind Rider |
| 13:33 | Wind Rider |
| 13:35 | Chain Lighting |
| 13:51 | Wind Rider |
| 13:51 | Wind Rider |
| Right click | 1138 |
| Select group | 466 |
| Select | 289 |
| Misc. action | 60 |
| Build/train/purchase | 60 |
| Assign group | 55 |
| Use ability | 15 |
| Chat | 4 |
| Remove unit | 1 |